 Dungeon Crawl Stone Soup version 0.29.1-15-g9cfb28693d (webtiles) character file.

Game seed: 12226291321129106650

9592 Peloso the Carver (level 11, -1/97 HPs)
             Began as a Minotaur Fighter on Mar 20, 2023.
             Was a High Priest of Okawaru.
             Shot with an arrow by a centaur warrior (5 damage)
             ... on level 11 of the Dungeon.
             The game lasted 00:20:48 (13014 turns).

Peloso the Carver (Minotaur Fighter)               Turns: 13014, Time: 00:20:49

Health: -1/97      AC: 20    Str: 23    XL:     11   Next: 25%
Magic:  0/11       EV:  8    Int:  5    God:    Okawaru [*****.]
Gold:   716        SH:  6    Dex: 12    Spells: 10/10 levels left

rFire   . . .      SeeInvis .   a - +1 long sword (protect)
rCold   + . .      Faith    .   d - +0 buckler
rNeg    . . .      Spirit   +   j - +0 plate armour {Will+}
rPois   +          Reflect  .   (helmet restricted)
rElec   .          Harm     .   (no cloak)
rCorr   .          Rampage  .   v - +0 pair of gloves
Will    +....                   (no boots)
Stlth   ..........              k - amulet of guardian spirit
HPRegen 0.26/turn               m - ring of protection from cold
MPRegen 0.12/turn               B - ring of poison resistance

@: corroded, under a protective aura
A: horns 2, retaliatory headbutt
a: Renounce Religion, Heroism, Finesse, Duel


You were on level 11 of the Dungeon.
You worshipped Okawaru.
Okawaru was extremely pleased with you.
You visited 2 branches of the dungeon, and saw 12 of its levels.

You collected 716 gold pieces.

Inventory:

Hand Weapons
 a - a +1 long sword of protection (weapon)
 b - a +1 falchion of holy wrath
 c - a +0 whip of flaming
Missiles
 o - a throwing net (quivered)
Armour
 d - a +0 buckler (worn)
 f - a +0 chain mail
 j - a +0 plate armour of willpower (worn)
 v - a +0 pair of gloves (worn)
Jewellery
 k - an amulet of guardian spirit (around neck)
 m - a ring of protection from cold (left hand)
 z - an amulet of faith
 B - a ring of poison resistance (right hand)
Wands
 w - a wand of roots (18)
 x - a wand of digging (1)
 A - a wand of polymorph (24)
 C - a wand of flame (14)
Scrolls
 h - a scroll of amnesia
 t - 3 scrolls of enchant armour
 y - 2 scrolls of magic mapping
 D - 2 scrolls of identify
Potions
 e - 2 potions of magic
 g - 3 potions of resistance
 i - a potion of ambrosia
 l - 4 potions of haste
 n - 2 potions of mutation
 p - 3 potions of brilliance
 q - 2 potions of might
 r - 5 potions of flight
 s - a potion of berserk rage
 u - 6 potions of curing
 F - a potion of cancellation {unknown}


   Skills:
 + Level 9.3 Fighting
 + Level 13.2 Long Blades
 + Level 12.3 Armour
 + Level 2.7 Dodging
 + Level 0.1 Stealth
 + Level 7.8 Shields
 + Level 1.8 Invocations


You had 10 spell levels left.
You didn't know any spells.
Your spell library contained the following spells:

 Spells                   Type           Power      Damage    Failure   Level
 Beastly Appendage        Tmut           0%         N/A       100%        1
 Freeze                   Ice            0%         1d3       100%        1
 Wereblood                Tmut           0%         N/A       100%        2
 Frozen Ramparts          Ice            0%         1d1       100%        3
 Ozocubu's Armour         Ice            0%         N/A       100%        3
 Portal Projectile        Hex/Tloc       0%         N/A       100%        3
 Spider Form              Tmut/Pois      0%         N/A       100%        3
 Fulminant Prism          Conj/Hex       0%         3d6       100%        4
 Hailstorm                Conj/Ice       0%         3d3       100%        4
 Iskenderun's Mystic Bla  Conj/Tloc      0%         2d3       100%        4
 Blade Hands              Tmut           0%         N/A       100%        5
 Borgnjor's Vile Clutch   Necr/Erth      0%         N/A       100%        5
 Irradiate                Conj/Tmut      0%         3d11      100%        5
 Lee's Rapid Deconstruct  Erth           0%         3d5*      100%        5
 Metabolic Englaciation   Hex/Ice        0%         N/A       100%        5
 Conjure Ball Lightning   Conj/Air       0%         3x3d6     100%        6
 Dragon Form              Tmut           0%         N/A       100%        7
 Discord                  Hex            0%         N/A       100%        8
 Disjunction              Tloc           0%         N/A       100%        8
 Tukima's Dance           Hex            Unusable   N/A       N/A         3
 Animate Dead             Necr           Unusable   N/A       N/A         4
 Death Channel            Necr           Unusable   N/A       N/A         6
 Simulacrum               Ice/Necr       Unusable   N/A       N/A         6

Dungeon Overview and Level Annotations

Branches:
Dungeon (11/15)            Temple (1/1) D:5            Lair (0/5) D:11
    Orc (0/2) D:11

Altars:
Cheibriados
Dithmenos
Elyvilon
Fedhas
Gozag
Hepliaklqana
Kikubaaqudgha
Makhleb
Nemelex Xobeh
Okawaru
Qazlal
Ru
Sif Muna
Trog
Uskayaw
Vehumet
Wu Jian
Xom
Yredelemnul
The Shining One

Annotations:
D:9 3 runed translucent doors, Gumption's ghost, novice MiFi; destino's ghost, journeyman HuIE


Innate Abilities, Weirdness & Mutations

You have a pair of horns on your head.
You reflexively headbutt those who attack you in melee.


Message History

You block the centaur's attack. The centaur kicks you.
* * * LOW HITPOINT WARNING * * *
The centaur warrior barely misses you. You block the centaur warrior's attack.
The acid dragon spits acid at you.
The splash of acid hits you but does no damage.
You block the centaur's attack.
The centaur kicks you but does no damage.
The centaur closely misses you. The centaur misses you.
The centaur shoots an arrow.
The arrow hits you but does no damage.
Unknown command.
Okay, then.
You hit the centaur warrior but do no damage.
The centaur warrior is almost dead.
The centaur closely misses you. You furiously retaliate!
You headbutt the centaur.
The centaur kicks you but does no damage.
The centaur warrior hits you.
* * * LOW HITPOINT WARNING * * *
You block the centaur warrior's attack. You block the centaur's attack.
The centaur completely misses you.
The centaur hits you but does no damage.
The centaur closely misses you.
The centaur shoots an arrow.
The arrow hits you.
* * * LOW HITPOINT WARNING * * *
The centaur barely misses you. You block the centaur's attack.
Okay, then.
Blink to where?
Press: ? - help, Dir - move target
As you read the scroll of blinking, it crumbles to dust.
The centaur warrior wields a +0 longbow.
The centaur warrior shoots an arrow.
You block the arrow.
You feel like a meek peon again.
The centaur warrior shoots an arrow.
The arrow hits you but does no damage.
The centaur wields a +2 shortbow of freezing.
It is covered in frost.
The centaur shoots an arrow.
The arrow hits you.
* * * LOW HITPOINT WARNING * * *
The arrow freezes you.
* * * LOW HITPOINT WARNING * * *
The centaur warrior shoots an arrow.
The arrow hits you.
You die...

#...# #...##...##.
#...# #..##..8..##
#...# #..#.......'
#. #>..#
#..#..#+#..#
#.######...###..#.#
##.#
#...............#.
#.#
#...............#
#.#
#...............#
#.#
#.......@.......#
..#
#......[........#
..#
#................#
#
#........^.......#
#
#................#
# #................
.. #.....ccD.......
## #.....ccc.......
# #....c..c......


You could see a centaur warrior, an acid dragon and 4 centaurs.

Vanquished Creatures
  2 two-headed ogres (D:10)
  An ugly thing (D:10)
  A gargoyle (D:9)
  An unseen horror (D:10)
  2 hornets
  A troll (D:11)
  Grinder (D:6)
  6 slime creatures (D:9)
  A steam dragon (D:6)
  14 yaks
  A warg (D:11)
  A water moccasin (D:5)
  An ice beast (D:6)
  An orc warrior (D:11)
  A black bear (D:5)
  A sky beast (D:6)
  3 centaurs
  A phantom (D:4)
  A gnoll sergeant (D:10)
  2 kobold brigands
  A bullfrog (D:8)
  A necrophage (D:6)
  4 scorpions
  4 wights (D:8)
  8 killer bees
  5 howler monkeys
  3 jellies
  5 orc priests
  3 hounds
  A gnoll bouda (D:7)
  5 iguanas
  19 orc wizards
  14 gnolls
  5 adders
  2 white imps
  4 worms
  3 dart slugs
  36 orcs
  8 ball pythons
  14 bats
  8 endoplasms
  9 giant cockroaches
  7 goblins
  11 hobgoblins
  3 jackals (D:2)
  4 quokkas
  6 frilled lizards
  9 kobolds
  4 rats
249 creatures vanquished.

Vanquished Creatures (others)
  2 orc wizards (D:5)
  11 plants (D:11)
  6 withered plants (D:9)
19 creatures vanquished.

Grand Total: 268 creatures vanquished

Notes
Turn   | Place    | Note
-------+----------+-------------------------------------------
     0 | D:1      | Peloso the Minotaur Fighter began the quest for the Orb.
     0 | D:1      | Reached XP level 1. HP: 19/19 MP: 0/0
   265 | D:1      | Reached XP level 2. HP: 27/27 MP: 1/1
   601 | D:1      | Found a faded altar of an unknown god.
  1089 | D:2      | Reached XP level 3. HP: 23/33 MP: 2/2
  1304 | D:2      | Reached skill level 3 in Long Blades
  1448 | D:2      | Reached skill level 1 in Dodging
  1678 | D:1      | Reached XP level 4. HP: 30/40 MP: 3/3
  1808 | D:2      | Reached skill level 4 in Long Blades
  2053 | D:3      | Reached XP level 5. HP: 42/47 MP: 4/4
  2984 | D:3      | Reached skill level 5 in Long Blades
  2984 | D:3      | Reached skill level 5 in Armour
  2984 | D:3      | Reached XP level 6. HP: 31/55 MP: 5/5
  3539 | D:4      | Reached skill level 5 in Fighting
  3889 | D:4      | Reached skill level 6 in Long Blades
  3907 | D:4      | Reached XP level 7. HP: 56/61 MP: 6/6
  4091 | D:5      | Entered Level 5 of the Dungeon
  4142 | D:5      | Reached skill level 7 in Long Blades
  4313 | D:5      | Found a staircase to the Ecumenical Temple.
  4374 | Temple   | Entered the Ecumenical Temple
  4552 | Temple   | Became a worshipper of Warmaster Okawaru
  5080 | D:5      | Reached XP level 8. HP: 17/70 MP: 2/7
  6032 | D:6      | Found a basalt altar of Yredelemnul.
  6032 | D:6      | Found a blossoming altar of Fedhas.
  6040 | D:6      | Found an opulent altar of Gozag.
  6065 | D:6      | Found a snail-covered altar of Cheibriados.
  6067 | D:6      | Found a faded altar of an unknown god.
  6331 | D:6      | Reached skill level 8 in Long Blades
  6411 | D:6      | Reached skill level 5 in Shields
  6460 | D:6      | Noticed Grinder
  6475 | D:6      | Killed Grinder
  6475 | D:6      | Reached * piety under Okawaru
  7034 | D:7      | Noticed a hornet
  7045 | D:7      | Killed a hornet
  7045 | D:7      | Reached ** piety under Okawaru
  7046 | D:7      | Reached XP level 9. HP: 56/78 MP: 6/8
  7051 | D:7      | Reached skill level 9 in Long Blades
  8536 | D:8      | Reached skill level 10 in Armour
  8862 | D:8      | Reached *** piety under Okawaru
  8881 | D:8      | Reached skill level 10 in Long Blades
  8881 | D:8      | Reached skill level 1 in Invocations
  9402 | D:8      | Reached XP level 10. HP: 78/82 MP: 7/9
 10143 | D:9      | Identified the +3 ring mail of Space {Rampage}
 10171 | D:9      | Found a runed translucent gate.
 10172 | D:9      | Found a runed translucent gate.
 10173 | D:9      | Found a runed translucent gate.
 10174 | D:9      | Noticed Gumption's ghost (novice MiFi)
 10174 | D:9      | Noticed destino's ghost (journeyman HuIE)
 10254 | D:9      | Noticed a gargoyle
 10273 | D:9      | Killed a gargoyle
 10274 | D:9      | Reached skill level 11 in Long Blades
 10500 | D:9      | Reached **** piety under Okawaru
 10709 | D:9      | Reached skill level 12 in Long Blades
 11535 | D:10     | Entered Level 10 of the Dungeon
 11583 | D:10     | Reached ***** piety under Okawaru
 11781 | D:10     | Noticed a two-headed ogre
 11788 | D:10     | Killed a two-headed ogre
 11789 | D:10     | Reached XP level 11. HP: 78/97 MP: 7/11
 11976 | D:10     | Noticed a two-headed ogre
 11986 | D:10     | Killed a two-headed ogre
 11986 | D:10     | Received a gift from Okawaru
 12232 | D:10     | Noticed a red ugly thing
 12242 | D:10     | Killed a red ugly thing
 12434 | D:10     | Reached skill level 13 in Long Blades
 12747 | D:11     | Found a staircase to the Lair.
 12807 | D:11     | Found a staircase to the Orcish Mines.
 12999 | D:11     | Noticed a centaur warrior
 13014 | D:11     | HP: 4/97 [centaur/arrow[a centaur warrior] (1)]
 13014 | D:11     | Shot with an arrow by a centaur warrior

Illustrated notes

Levels and vault maps discovered:
D:1:      matt_arrival_refuge, layout_basic, dreamdust_ecumenical_altar_statues
D:2:      layout_rooms
D:3:      layout_loops_cross
D:4:      layout_loops_cross
D:5:      layout_loops_corners, minmay_temple_entry_butterflies,
          minmay_a_box_with_orc_wizards_in_it
D:6:      layout_loops_ring, chequers_temple_overflow_minitemple,
          kennysheep_generic_room_6, uniq_grinder
D:7:      layout_rooms, minmay_misc_feat_rugged
D:8:      layout_loops_cross
D:9:      layout_basic, gammafunk_ghost_cemetery
D:10:     layout_loops_ring, roderic_batcave, roderic_serpentine_path
D:11:     minmay_inner_zag, layout_small_grid, dpeg_oklobed_lair,
          david_orc_1_choice, uniq_grum
Temple:   hc_temple_tempest_star

Skill      XL: |  1  2  3  4  5  6  7  8  9 10 11 |
---------------+----------------------------------+-----
Shields        | 4 5 6 7 |  7.8
Fighting       | 4 5 6 7 9 |  9.3
Armour         | 4 5 6 9 10 12 | 12.3
Long Blades    | 3 4 5 6 7 8 10 12 13 | 13.2
Dodging        | 1 2 |  2.7
Invocations    | 1 |  1.8
Stealth        | |  0.1

Action                   |  1- 3 |  4- 6 |  7- 9 | 10-12 || total
-------------------------+-------+-------+-------+-------++-------
Melee: Long sword        |    81 |   206 |   413 |   293 ||   993
       Headbutt          |    11 |    40 |    71 |    83 ||   205
Invok: Heroism           |       |       |     5 |     8 ||    13
  Use: Scroll            |     4 |     6 |    12 |     2 ||    24
       Potion            |       |       |     4 |       ||     4
Armor: Scale mail        |    26 |       |       |       ||    26
       Chain mail        |    26 |   152 |   131 |       ||   309
       Plate armour      |       |       |   187 |   167 ||   354
Dodge: Dodged            |    57 |    77 |   132 |    96 ||   362
Block: Buckler           |    24 |    44 |    91 |    58 ||   217
